 Dungeon Crawl Stone Soup version 0.27-a0-998-g4cfe56dd59 (webtiles) character file.

Game seed: 12899387284431859774

580 DarkShadow the Covered (level 7, 0/60 HPs)
             Began as a Minotaur Fighter on Apr 17, 2021.
             Succumbed to a water moccasin's poison
             ... on level 4 of the Dungeon.
             The game lasted 00:05:58 (3261 turns).

DarkShadow the Covered (Minotaur Fighter)           Turns: 3261, Time: 00:05:58

Health: 0/60       AC:  9    Str: 29    XL:     7   Next: 13%
Magic:  6/6        EV:  8    Int:  5    God:
Gold:   91         SH: 10    Dex:  9    Spells: 6/6 levels left

rFire    + . .     SeeInvis .   a - +0 long sword
rCold    + . .     Faith    .   c - +0 kite shield
rNeg     . . .     Spirit   .   b - +0 scale mail
rPois    +         Reflect  .   (helmet restricted)
rElec    +         Harm     .   (no cloak)
rCorr    +         Rampage  .   l - +0 pair of gloves
Will     .....                  (no boots)
Stlth    ..........             (no amulet)
HPRegen  0.20/turn              k - +6 ring of strength
MPRegen  0.10/turn              (no ring)

@: lethally poisoned (0 -> -7), resistant
A: horns 2, retaliatory headbutt
a: no special abilities


You were on level 4 of the Dungeon.
You visited 1 branch of the dungeon, and saw 4 of its levels.

You collected 91 gold pieces.

Inventory:

Hand Weapons
 a - a +0 long sword (weapon)
Armour
 b - a +0 scale mail (worn)
 c - a +0 kite shield (worn)
 l - a +0 pair of gloves (worn)
Jewellery
 k - a +6 ring of strength (left hand)
 p - a +6 ring of intelligence
Scrolls
 g - a scroll of immolation
 i - 2 scrolls of teleportation
 n - a scroll of blinking {unknown}
Potions
 d - a potion of might
 e - 2 potions of lignification
 f - 2 potions of degeneration {unknown}
 h - 2 potions of flight {unknown}
 m - a potion of curing {unknown}
 o - a potion of resistance
 q - a potion of brilliance {unknown}


   Skills:
 + Level 4.8 Fighting
 + Level 5.2 Long Blades
 + Level 6.5 Armour
 + Level 1.2 Dodging
 + Level 0.6 Stealth
 + Level 5.4 Shields


You had 6 spell levels left.
You didn't know any spells.
Your spell library was empty.

Dungeon Overview and Level Annotations

Branches:
Dungeon (4/15)
 Temple: D:4-7

Altars:

Shops:
D:2 (


Innate Abilities, Weirdness & Mutations

You have a pair of horns on your head.
You reflexively headbutt those who attack you in melee.


Message History

You feel sick. The water moccasin bites you!
* * * LOW HITPOINT WARNING * * *
The water moccasin barely misses you. You furiously retaliate!
You headbutt the water moccasin!
You riposte.
You closely miss the water moccasin.
Your headbutt misses the water moccasin.
The water moccasin is almost dead.
You feel much better.
You feel sick. The water moccasin bites you!
You are more poisoned.
The water moccasin poisons you! The worm bites you but does no damage.
You closely miss the water moccasin.
Your headbutt misses the water moccasin.
The water moccasin is almost dead.
You feel very sick. The water moccasin barely misses you.
You block the water moccasin's attack. The worm bites you.
You miss the water moccasin.
Your headbutt misses the water moccasin.
The water moccasin is almost dead.
* * * LOW HITPOINT WARNING * * *
You feel very sick. You block the water moccasin's attack.
The water moccasin bites you.
* * * LOW HITPOINT WARNING * * *
The worm closely misses you. You furiously retaliate!
You headbutt the worm. You closely miss the water moccasin.
Your headbutt misses the water moccasin.
The water moccasin is almost dead.
* * * LOW HITPOINT WARNING * * *
You feel very sick. The water moccasin barely misses you.
You furiously retaliate!
You headbutt the water moccasin!
You kill the water moccasin!
You have reached level 7!
You feel protected.
* * * LOW HITPOINT WARNING * * *
You feel sick. The worm bites you.
* * * LOW HITPOINT WARNING * * *
You slash the worm!
You kill the worm!
You die...

#############
#..($.......#
#..)@........
#.####.###...# #..##
S.. #...
##..####.##...#
##..## .$##...###
##..## .##.....#
##..## . #....#
######..###.#....####
..........## #.......


There were no monsters in sight!

Vanquished Creatures
  A water moccasin (D:4)
  An ogre (D:4)
  The ghost of fritzmikael the Shield-Bearer, an amateur DjFi (D:3)
  A phantom (D:4)
  2 hounds
  An iguana (D:4)
  An orc wizard (D:4)
  2 hound skeletons (D:4)
  5 adders (D:2)
  A worm (D:4)
  A dart slug (D:4)
  4 orcs
  3 ball pythons
  A bat (D:3)
  4 endoplasms
  2 goblins
  4 hobgoblins
  11 jackals
  A quokka (D:1)
  A frilled lizard (D:1)
  3 kobolds (D:2)
  3 rats
54 creatures vanquished.

Vanquished Creatures (others)
  2 withered plants (D:3)
2 creatures vanquished.

Grand Total: 56 creatures vanquished

Notes
Turn   | Place    | Note
-------+----------+-------------------------------------------
     0 | D:1      | DarkShadow the Minotaur Fighter began the quest for the
                  | Orb.
     0 | D:1      | Reached XP level 1. HP: 19/19 MP: 0/0
   689 | D:1      | Reached XP level 2. HP: 27/27 MP: 1/1
   777 | D:1      | Reached skill level 4 in Armour
  1128 | D:2      | Found Kaisk's Antique Weapon Shoppe.
  1214 | D:2      | Reached XP level 3. HP: 33/33 MP: 2/2
  1286 | D:2      | Reached XP level 4. HP: 18/40 MP: 3/3
  2334 | D:3      | Found a runed translucent door.
  2336 | D:3      | Noticed fritzmikael's ghost (amateur DjFi)
  2804 | D:3      | Killed fritzmikael's ghost
  2805 | D:3      | Reached skill level 5 in Armour
  2805 | D:3      | Reached XP level 5. HP: 47/47 MP: 4/4
  3123 | D:4      | Noticed an ogre
  3127 | D:4      | Killed an ogre
  3128 | D:4      | Reached skill level 1 in Dodging
  3128 | D:4      | Reached XP level 6. HP: 53/53 MP: 5/5
  3243 | D:4      | Noticed a water moccasin
  3245 | D:4      | Reached skill level 5 in Long Blades
  3245 | D:4      | Reached skill level 6 in Armour
  3245 | D:4      | Reached skill level 5 in Shields
  3259 | D:4      | Killed a water moccasin
  3260 | D:4      | Reached XP level 7. HP: 9/60 MP: 6/6
  3260 | D:4      | HP: 2/60 [worm (5)]
  3261 | D:4      | Succumbed to a water moccasin's poison

Illustrated notes

Levels and vault maps discovered:
D:1:      evilmike_arrival_home_sweet_home, layout_loops_ring
D:2:      layout_basic, serial_shops, nicolae_shop_window_shopping,
          bh_walls_and_bars
D:3:      layout_loops_ring, gammafunk_ghost_grave
D:4:      layout_basic, minmay_manual_mandibuliform

Skill      XL: |  1  2  3  4  5  6 |
---------------+-------------------+-----
Armour         | 4 5 6 |  6.5
Fighting       | 4 |  4.8
Shields        | 4 5 |  5.4
Long Blades    | 3 4 5 |  5.2
Dodging        | 1 |  1.2
Stealth        | |  0.6

Action                   |  1- 3 |  4- 6 |  7- 9 || total
-------------------------+-------+-------+-------++-------
Melee: Long sword        |    61 |    71 |     1 ||   133
       Headbutt          |     7 |    21 |       ||    28
  Use: Scroll            |       |     6 |       ||     6
       Potion            |       |     2 |     1 ||     3
Armor: Scale mail        |    35 |    32 |       ||    67
Dodge: Dodged            |    22 |    25 |       ||    47
Block: Kite shield       |    53 |    48 |       ||   101
       Rpst.: Long sword |     8 |     7 |       ||    15

Table legend: (Time is in decaauts)
 A = Elapsed time spent in this place.
 B = Non-inter-level travel time spent in this place.
 C = Inter-level travel time spent in this place.
 D = Time resting spent in this place.
 E = Time spent auto-exploring this place.
 F = Levels seen in this place.
 G = Mean time per level.
                   A        B        C        D        E       F      G
               +--------+--------+--------+--------+--------+-----+--------+
         Total |   3318 |   3228 |     90 |    340 |   2527 |   4 |  829.5 |
       Dungeon |   3318 |   3228 |     90 |    340 |   2527 |   4 |  829.5 |
               +--------+--------+--------+--------+--------+-----+--------+

Top non-repeatable levels by time:
     D:2: 1403 daAuts
     D:1: 822 daAuts
     D:3: 656 daAuts
     D:4: 436 daAuts
